 Dungeon Crawl Stone Soup version 0.29.1 (webtiles) character file.

Game seed: 6616809179214540768

95 xian the Gusty (level 4, -2/24 HPs)
             Began as a Tengu Air Elementalist on Sept 15, 2022.
             Slain by a bullfrog (6 damage)
             ... in a sewer.
             The game lasted 00:04:46 (2397 turns).

xian the Gusty (Tengu Air Elementalist)             Turns: 2397, Time: 00:04:46

Health: -2/24      AC:  2    Str:  8    XL:     4   Next: 65%
Magic:  7/9        EV:  9    Int: 18    God:
Gold:   48         SH:  0    Dex: 14    Spells: 7/8 levels left

rFire   . . .      SeeInvis .   h - +1 dagger (venom)
rCold   . . .      Faith    .   (no shield)
rNeg    . . .      Spirit   .   a - +0 robe
rPois   .          Reflect  .   (helmet restricted)
rElec   .          Harm     .   (no cloak)
rCorr   .          Rampage  .   (no gloves)
Will    .....                   (boots unavailable)
Stlth   ++........              (no amulet)
HPRegen 0.08/turn               (no ring)
MPRegen 0.11/turn               (no ring)

@: about to teleport, constricted
A: beak, talons 3
a: no special abilities


You were in a sewer.
You visited 1 branch of the dungeon, and saw 4 of its levels.
You also visited: Sewer.

You collected 48 gold pieces.

Inventory:

Hand Weapons
 h - a +1 dagger of venom (weapon)
Missiles
 e - 16 poisoned darts
Armour
 a - a +0 robe (worn)
Scrolls
 c - a scroll of identify
Potions
 b - a potion of magic
 f - a potion of mutation {unknown}


   Skills:
 + Level 0.2 Fighting
 + Level 2.6 Dodging
 + Level 2.1 Stealth
 + Level 2.8 Spellcasting
 + Level 2.3 Conjurations
 + Level 5.5 Air Magic


You had 7 spell levels left.
You knew the following spells:

 Your Spells              Type           Power      Damage    Failure   Level
a - Shock                 Conj/Air       64%        1d7       3%          1

Your spell library contained the following spells:

 Spells                   Type           Power      Damage    Failure   Level
 Static Discharge         Conj/Air       16%        3-5/arc   4%          2
 Swiftness                Air            22%        N/A       4%          3
 Airstrike                Air            11%        2d(2-18)  17%         4


Dungeon Overview and Level Annotations

Branches:
Dungeon (4/15)              Sewer (1/1)
 Temple: D:4-7

Altars:


Innate Abilities, Weirdness & Mutations

You have a beak for a mouth.
You have claws for feet.


Message History

The ball python closely misses you. The bullfrog misses you.
The ball python barely misses you. The ball python closely misses you.
The bullfrog barely misses you.
You enter the shallow water.
Moving in this stuff is going to be slow.
The ball python closely misses you. The ball python grabs you.
The ball python constricts you.
You escape the ball python's grasp.
The bullfrog closely misses you.
The bullfrog hits you but does no damage.
The ball python bites you. The ball python misses you.
The bullfrog hits you but does no damage.
You enter the shallow water.
Moving in this stuff is going to be slow.
The ball python closely misses you. The ball python grabs you.
The ball python constricts you.
You escape the ball python's grasp.
The ball python attacks as you move away!
The ball python bites you. The bullfrog hits you!
* * * LOW HITPOINT WARNING * * *
The bullfrog hits you.
* * * LOW HITPOINT WARNING * * *
The ball python closely misses you. The ball python grabs you.
The ball python constricts you.
* * * LOW HITPOINT WARNING * * *
It was a potion of curing.
You feel better. The bullfrog hits you.
* * * LOW HITPOINT WARNING * * *
The ball python bites you.
* * * LOW HITPOINT WARNING * * *
The ball python constricts you.
You are too injured to fight recklessly!
Unknown command.
Aiming: Shock (safe; 3% risk of failure)
Press: ? - help, Q - select action, (/) - cycle Shift-Dir - straight line, f/p - ball python
Aim: a ball python (heavily wounded, constricting you, 68% to hit)
Okay, then.
As you read the scroll labelled FUUCHEGHOU, it crumbles to dust.
You feel strangely unstable.
It was a scroll of teleportation.
The bullfrog hits you but does no damage.
The bullfrog hits you.
You die...

~.~.## ##.~~~#~.~~# ~~~##
##~~.##~~~# ~~.#≈~~
#~.~~#~~.# ~~†#~~.
#.~~~#~~~# ~~~#~~.
#~~~~#~~~# ~~~#~~~
##~~.##.†.# ~~~#~..
##.~~~#..~~# #~~##†~
###~~~~##~.~##
##†.#~~#######lF@~~##~.~~#
~#.~##~..~~.~.~S.###~.~~##
~~~~~#..~.~~~†####~~.~~##
#~~~#######.∩~#~..~~~~##
##~~#~~~~~#####~†~~#####
####~~~~~~~~~~~####.~∩#
#..~#########....~##
#~~~.~~~...~..∩.###
#~~~~~..~.~.#####


You could see a bullfrog, a ball python and a frilled lizard.

Vanquished Creatures
  2 river rats (D:3)
  An adder (Sewer)
  A dart slug (D:1)
  10 ball pythons
  5 endoplasms
  11 giant cockroaches
  6 goblins
  3 hobgoblins
  3 jackals (D:1)
  4 quokkas (Sewer)
  2 bats (D:1)
  6 frilled lizards (Sewer)
  5 rats
59 creatures vanquished.

Notes
Turn   | Place    | Note
-------+----------+-------------------------------------------
     0 | D:1      | xian the Tengu Air Elementalist began the quest for the
                  | Orb.
     0 | D:1      | Reached XP level 1. HP: 10/10 MP: 4/4
   381 | D:1      | Reached XP level 2. HP: 15/15 MP: 4/6
   758 | D:1      | Found a faded altar of an unknown god.
  1016 | D:1      | Reached XP level 3. HP: 19/19 MP: 3/7
  1119 | D:2      | You fall into a shaft and drop 2 floors!
  1547 | D:3      | Found a glowing drain.
  1551 | D:3      | Reached skill level 5 in Air Magic
  1554 | Sewer    | Entered a sewer
  1678 | Sewer    | Reached XP level 4. HP: 24/24 MP: 5/8
  2383 | Sewer    | Noticed a bullfrog
  2395 | Sewer    | HP: 1/24 [constriction (1)]
  2397 | Sewer    | Slain by a bullfrog

Illustrated notes

Levels and vault maps discovered:
D:1:      wander_arrival_desolate, layout_loops_ring,
          hellmonk_ecumenical_altar_prayer_group
D:2:      layout_loops_ring
D:3:      layout_loops_ring, portal_sewer_entry_e, uniq_sigmund
D:4:      layout_cave_pods, uniq_robin
Sewer:    sewer_frog_island_02

Skill      XL: |  1  2  3 |
---------------+----------+-----
Conjurations   | 2 |  2.3
Air Magic      | 5 |  5.5
Fighting       | |  0.2
Dodging        | |  2.6
Stealth        | |  2.1
Spellcasting   | |  2.8

Action                   |  1- 3 |  4- 6 || total
-------------------------+-------+-------++-------
Melee: Unarmed           |     3 |       ||     3
       Kick              |     3 |     2 ||     5
       Peck              |     1 |       ||     1
       Dagger            |     8 |     3 ||    11
 Cast: Shock             |    54 |    50 ||   104
  Use: Scroll            |     2 |     1 ||     3
       Potion            |       |     1 ||     1
Armor: Robe              |     1 |     5 ||     6
Dodge: Dodged            |     9 |    17 ||    26
